 Dungeon Crawl Stone Soup version 0.21-a0-621-gc60411f (webtiles) character file.

58 Amnesiac the Changer (level 4, -2/29 HPs)
             Began as an Octopode Transmuter on Dec 23, 2017.
             Slain by a goblin
             ... wielding a +0 dagger
             ... led by Robin
              (3 damage)
             ... on level 2 of the Dungeon.
             The game lasted 00:01:23 (1234 turns).

Amnesiac the Changer (Octopode Transmuter)          Turns: 1234, Time: 00:01:24

Health: -2/29      AC:  1    Str:  9    XL:     4   Next: 2%
Magic:  7/7        EV: 13    Int: 15    God:
Gold:   52         SH:  0    Dex: 13    Spells: 1/7 levels left

rFire    . . .     SeeInvis .     - Unarmed
rCold    . . .     Gourm    .   (no shield)
rNeg     . . .     Faith    .   (helmet restricted)
rPois    .         Spirit   .   (no amulet)
rElec    .         Reflect  .   (no ring)
rCorr    .         Harm     .   (no ring)
MR       .....                  (no ring)
Stlth    ++........             (no ring)
HPRegen  0.09/turn              (no ring)
MPRegen  0.10/turn              (no ring)
                                (no ring)
                                (no ring)

@: no status effects
A: almost no armour, stealthy swim, amphibious, 8 rings, constrict 8, camouflage
1, gelatinous body 1
a: no special abilities


You were on level 2 of the Dungeon.
You were not hungry.

You visited 1 branch of the dungeon, and saw 2 of its levels.

You collected 52 gold pieces.

Inventory:

Missiles
 a - 12 arrows
Scrolls
 e - a scroll of enchant armour {!r, unknown}
 g - 4 scrolls of remove curse {!r, unknown}
 h - 2 scrolls of identify {!r, unknown}
 l - a scroll of immolation {!r, unknown}
 n - a scroll of amnesia {!r, unknown}
Potions
 d - 2 potions of curing {!q, unknown}
 i - a potion of mutation {!q, unknown}
 j - a potion of magic {!q, unknown}
 k - a potion of might {!q, unknown}
Books
 b - a book of Changes

   Spells                             Type                      Level
   a - Beastly Appendage              Transmutation                1
   b - Sticks to Snakes               Transmutation                2
   c - Spider Form                    Transmutation/Poison         3
   d - Ice Form                       Ice/Transmutation            4
   e - Blade Hands                    Transmutation                5
Comestibles
 c - 3 rations
 f - 5 chunks of flesh


   Skills:
 + Level 2.1 Fighting
 + Level 2.1 Dodging
 * Level 3.1 Unarmed Combat
 + Level 2.1 Spellcasting
 * Level 3.2 Transmutations


You had one spell level left.
You knew the following spells:

 Your Spells              Type           Power        Failure   Level  Hunger
a - Beastly Appendage     Tmut           ##....       6%          1    #......
c - Spider Form           Tmut/Pois      #.........   34%         3    ###....
e - Sticks to Snakes      Tmut           ##......     9%          2    ###....


Dungeon Overview and Level Annotations

Branches:
Dungeon (2/15)

Altars:


Innate Abilities, Weirdness & Mutations

You cannot wear most types of armour.
You are very stealthy in the water. (Stealth+)
You are amphibious.
You can wear up to eight rings at the same time.
You can use your tentacles to constrict eight enemies at once.
Your skin changes colour to match your surroundings (Stealth+).
Your rubbery body absorbs attacks. (AC +1, EV +1)


Message History

Aim: a goblin, wielding a dagger You throw a javelin.
The goblin shouts!
The javelin hits the goblin.
You kill the goblin!
The goblin moves out of view.
Robin throws the goblin at you! The goblin closely misses you.
A goblin comes into view. It is wielding a dagger.
There are monsters nearby!
You barely miss the goblin. The goblin barely misses you.
Robin throws the goblin at you!
A hobgoblin comes into view. It is wielding a club.
You tentacle-slap the goblin. You grab the goblin. You squeeze the goblin.
You kill the goblin!
The goblin closely misses you.
Robin says, "Feeling lonely?"
Robin moves out of view.
The goblin closely misses you.
You tentacle-slap the goblin.
You kill the goblin!
The goblin hits you with a club.
You see here a dagger.
You tentacle-slap the goblin.
You kill the goblin!
You tentacle-slap the goblin.
You kill the goblin!
A goblin comes into view. It is wielding a dagger.
You tentacle-slap the goblin.
You kill the goblin!
You tentacle-slap Robin. You grab Robin.
Robin is lightly wounded.
You constrict Robin. Robin barely misses you.
The goblin hits you but does no damage.
You tentacle-slap Robin but do no damage.
Robin is lightly wounded.
You constrict Robin. Robin hits you with a club.
The goblin completely misses you.
You tentacle-slap Robin.
Robin is moderately wounded.
You constrict Robin, but do no damage.
Robin roars a battlecry!
The goblins go into a battle-frenzy!
The goblin hits you with a dagger!
* * * LOW HITPOINT WARNING * * *
You hear a shout!
You tentacle-slap Robin.
Robin is heavily wounded.
You constrict Robin. Robin barely misses you. The goblin barely misses you.
You tentacle-slap Robin.
Robin is severely wounded.
You constrict Robin. Robin closely misses you. The goblin barely misses you.
You tentacle-slap Robin but do no damage.
Robin is almost dead.
You constrict Robin. Robin throws the goblin at you!
* * * LOW HITPOINT WARNING * * *
The goblin hits you with a dagger.
* * * LOW HITPOINT WARNING * * *
Unknown command.
You tentacle-slap Robin but do no damage.
You squeeze Robin.
You kill Robin!
You have reached level 4!
The goblin barely misses you. The goblin hits you with a dagger.
You die...

#..........##.#.#.#####.#
#.####.###.###...## #(>
#.# #.# ##.## ### #.# #.#
#.# ##### ##.###.# #..
...... ##...##.# ## #
###### ####.#.#.#.# #
........g.).# . ..##
#####.#.#@#.# (g. ....
##..g##.#.)# #.##
##..)g†.g.# #####..#.#
.(# .... ..... ##...#
#..(.


You could see 2 goblins.

Vanquished Creatures
  Robin (D:2)
  2 dart slugs (D:1)
  3 bats
  2 giant cockroaches (D:1)
  16 goblins
  6 hobgoblins
  A frilled lizard (D:1)
  4 kobolds
  6 rats (D:1)
41 creatures vanquished.

Notes
Turn   | Place    | Note
-------+----------+-------------------------------------------
     0 | D:1      | Amnesiac the Octopode Transmuter began the quest for the Orb.
     0 | D:1      | Reached XP level 1. HP: 13/13 MP: 3/3
   216 | D:1      | Reached XP level 2. HP: 17/19 MP: 5/5
   249 | D:1      | Learned a level 2 spell: Sticks to Snakes
   646 | D:1      | Reached XP level 3. HP: 17/24 MP: 6/6
   651 | D:1      | Learned a level 3 spell: Spider Form
  1216 | D:2      | Noticed Robin
  1233 | D:2      | HP: 1/24 [goblin/dagger[Robin] (5)]
  1234 | D:2      | Killed Robin
  1234 | D:2      | Reached XP level 4. HP: 1/29 MP: 7/7
  1234 | D:2      | Slain by a goblin

Vault maps used:
D:1:      nzn_arrival_crosshair, minmay_small_reverse_x
D:2:      uniq_natasha, uniq_robin

Skill      XL: |  1  2  3 |
---------------+----------+-----
Fighting       | 2 |  2.1
Transmutations | 3 |  3.2
Dodging        | |  2.1
Unarmed Combat | |  3.1
Spellcasting   | |  2.1

Action                   |  1- 3 |  4- 6 || total
-------------------------+-------+-------++-------
Melee: Unarmed           |    76 |       ||    76
       Constrict         |    19 |       ||    19
       Tentacles         |     9 |       ||     9
       Punch             |     1 |       ||     1
Throw: Javelin           |    16 |       ||    16
 Stab: Sleeping          |     4 |       ||     4
  Eat: Chunk             |     1 |       ||     1
Armor: Skin              |     7 |       ||     7
Dodge: Dodged            |    43 |     1 ||    44

Table legend:
 A = Spawn XP
 B = Non-spawn XP
 C = Spawn XP percentage of total XP
 D = Spawn monster count
 E = Non-spawn monster count
 F = Spawn count percentage of total count
 G = Total turns spent on level
                    A         B        C        D         E        F      G
               +---------+---------+-------+---------+---------+-------+---------
         Total |       0 |      84 |   0.0 |       0 |      41 |   0.0 |  1234
               +---------+---------+-------+---------+---------+-------+---------
           D:1 |       0 |      50 |   0.0 |       0 |      29 |   0.0 |  1140
           D:2 |       0 |      34 |   0.0 |       0 |      12 |   0.0 |    94
               +---------+---------+-------+---------+---------+-------+---------
